 Dungeon Crawl Stone Soup version 0.32-a0-711-g016ad743e0 (webtiles) character file.

Game seed: 245521833758202598

14152245 gimp the Conqueror (level 25, 304/304 HPs)
             Began as an Oni Shapeshifter on Mar 16, 2024.
             Was the Champion of Ru.
             Escaped with the Orb
             ... and 15 runes!
             The game lasted 03:41:45 (112027 turns).

gimp the Conqueror (Oni Shapeshifter)             Turns: 112027, Time: 03:41:45

Health: 304/304    AC: 20    Str: 25      XL:     25
Magic:  23/23      EV: 23    Int: 13      God:    Ru [******]
Gold:   10772      SH: 20    Dex: 17 (19) Spells: 24/24 levels left

rFire   + +          +
                       - Unarmed
rCold   + + .        D - +5 Storm Queen's Shield {shock, Fly rElec}
rNeg    + + +        O - +4 faerie dragon scales {rCorr Int+2 Slay+2}
rPois   ∞            g - +2 hat {Stlth+}
rElec   +            d - scarf {rC+ rF+}
rCorr   +            (gloves unavailable)
SInv    +            (boots unavailable)
Will    +++++        n - amulet of the Four Winds {rN+ Will+++ Clar} Stlth
                     S - ring "Eblekkif" {rF+ Dex+3 Stlth+}
HPRegen 0.70/turn    X - ring of see invisible
MPRegen 0.18/turn

%: clarity
@: death-form, flying
A: vile attack, torment immunity, no potions, large, unfitting armour, horns 1,
tough skin 1, no stealth, hated by all, no earth magic, no hexes magic, no
translocations magic, disrupted magic 1, inexperienced 2, double potion healing,
drunken brawling, claws 1, talons 1, clarity, fire resistance 1, screaming 1
0: Orb of Zot
}: 15/15 runes: decaying, serpentine, slimy, silver, golden, iron, obsidian,
icy, bone, abyssal, demonic, glowing, magical, fiery, dark
a: Siphon Essence, Begin Untransformation, Renounce Religion, Draw Out Power,
Power Leap, Apocalypse


You escaped.
You worshipped Ru.
Ru was exalted by your worship.
You were an undying horror.
You visited 17 branches of the dungeon, and saw 87 of its levels.
You visited Pandemonium 1 time, and saw 19 of its levels.
You visited the Abyss 1 time.
You visited 1 bazaar.
You also visited: Sewer, Gauntlet, Volcano and Wizlab.

You collected 14593 gold pieces.
You spent 3821 gold pieces at shops.

Inventory:

Missiles
 J - 11 curare-tipped darts
 V - 6 throwing nets
Armour
 d - a scarf of resistance (worn)
 g - a +2 hat of stealth (worn)
 D - the +5 Storm Queen's Shield (worn) {shock, Fly rElec}
   (You found it on level 5 of the Pits of Slime)

   Shock:     When it blocks an attack, it may electrocute the attacker.
   This works even against foes who are a short distance away.
   rElec:     It insulates you from electricity.
   Fly:       It grants you flight.
 O - the +4 faerie dragon scales (worn) {rCorr Int+2 Slay+2}
   (You took it off the Enchantress on level 3 of the Depths)

   Int+2:     It affects your intelligence (+2).
   Slay+2:    It affects your accuracy & damage with ranged weapons and melee
   (+2).
   rCorr:     It protects you from acid and corrosion.
 Z - a +2 cloak of fire resistance
Jewellery
 c - the ring of Fuadur {Fly rC+ rN++}
   (You found it on level 1 of the Realm of Zot)

   [ring of flight]

   rC+:       It protects you from cold.
   rN++:      It greatly protects you from negative energy.
   Fly:       It grants you flight.
 n - the amulet of the Four Winds (around neck) {rN+ Will+++ Clar}
   (You took it off a deep elf blademaster on level 3 of the Elven Halls)

   [amulet of nothing]

   rN+:       It protects you from negative energy.
   Will+++:   It greatly increases your willpower.
   Clar:      It protects you from confusion, rage, mesmerisation and fear.
 q - a ring of resist corrosion
 I - the ring "Weesoyniy" {rC+ Will+ Int+3}
   (You found it on level 8 of the Dungeon)

   [ring of willpower]

   Int+3:     It affects your intelligence (+3).
   rC+:       It protects you from cold.
   Will+:     It increases your willpower.
 S - the ring "Eblekkif" (left claw) {rF+ Dex+3 Stlth+}
   (You found it on level 2 of the Swamp)

   [ring of protection from fire]

   Dex+3:     It affects your dexterity (+3).
   rF+:       It protects you from fire.
   Stlth+:    It makes you more stealthy.
 X - a ring of see invisible (right claw)
 Y - an amulet of regeneration
Talismans
 h - a storm talisman
 r - the storm talisman of the Butterfly {rF+++ Will++ Str-2 Dex-3}
   (You found it on level 7 of Cocytus)

   [storm talisman]

   Str-2:     It affects your strength (-2).
   Dex-3:     It affects your dexterity (-3).
   rF+++:     It renders you almost immune to fire.
   Will++:    It greatly increases your willpower.
 F - a talisman of death (active)
Wands
 a - a wand of mindburst (65)
 f - a wand of digging (5)
 p - a wand of light (54)
 u - a wand of paralysis (99)
 K - a wand of polymorph (76)
 N - a wand of flame (133)
 R - a wand of iceblast (27)
Scrolls
 e - 9 scrolls of poison
 l - 2 scrolls of silence
 x - a scroll of blinking
 y - 16 scrolls of fear
 A - 9 scrolls of vulnerability
 G - 5 scrolls of enchant armour
 L - 5 scrolls of teleportation
 Q - 4 scrolls of torment
 T - 7 scrolls of fog
Potions
 b - 35 potions of curing
 i - 12 potions of enlightenment
 j - 19 potions of heal wounds
 k - 3 potions of haste
 t - 10 potions of might
 v - 8 potions of resistance
 w - 6 potions of invisibility
 z - 14 potions of mutation
 B - 6 potions of magic
 E - 6 potions of cancellation
 M - 3 potions of berserk rage
 U - 5 potions of ambrosia
Miscellaneous
 o - a phial of floods
 s - a lightning rod (4/4)
 C - a condenser vane


   Skills:
 O Level 27 Fighting
 O Level 27 Armour
 O Level 27 Dodging
 - Level 18.0 Shields
 O Level 27 Unarmed Combat
 + Level 20.0 Evocations
 O Level 27 Shapeshifting


You had 24 spell levels left.
You didn't know any spells.
Your spell library contained the following spells:

 Spells                   Type           Power      Damage    Failure   Level
 Foxfire                  Conj/Fire      0%         2x1d4     50%         1
 Freeze                   Ice            0%         1d3       50%         1
 Magic Dart               Conj           0%         1d3       50%         1
 Necrotise                Necr           0%         1d4       50%         1
 Shock                    Conj/Air       0%         1d3       50%         1
 Sting                    Conj/Alch      0%         1d3       50%         1
 Cigotuvi's Dreadful Rot  Necr/Alch/Air  0%         N/A       65%         2
 Mercury Vapours          Alch/Air       0%         N/A       65%         2
 Scorch                   Fire           0%         2d5       65%         2
 Searing Ray              Conj           0%         2d4       65%         2
 Static Discharge         Conj/Air       0%         3-3/arc   65%         2
 Sublimation of Blood     Necr           0%         N/A       65%         2
 Frozen Ramparts          Ice            0%         1d1       86%         3
 Fugue of the Fallen      Necr           0%         N/A       86%         3
 Hailstorm                Conj/Ice       0%         3d5       86%         3
 Mephitic Cloud           Conj/Alch/Air  0%         N/A       86%         3
 Ozocubu's Armour         Ice            0%         N/A       86%         3
 Swiftness                Air            0%         N/A       86%         3
 Airstrike                Air            0%         2d(0-16)  99%         4
 Dispel Undead            Necr           0%         3d6       99%         4
 Flame Wave               Conj/Fire      0%         2d4       99%         4
 Fulminant Prism          Conj/Alch      0%         3d5       99%         4
 Ignite Poison            Fire/Alch      0%         N/A       99%         4
 Olgreb's Toxic Radiance  Alch           0%         N/A       99%         4
 Sticky Flame             Fire/Alch      0%         2d4       99%         4
 Alistair's Intoxication  Alch           0%         N/A       100%        5
 Curse of Agony           Necr           0%         N/A       100%        5
 Fireball                 Conj/Fire      0%         3d3       100%        5
 Conjure Ball Lightning   Conj/Air       0%         3x3d6     100%        6
 Eringya's Noxious Bog    Alch           0%         4d6       100%        6
 Plasma Beam              Fire/Air       0%         2x1d10    100%        6
 Starburst                Conj/Fire      0%         6d3       100%        6
 Orb of Destruction       Conj           0%         9d5       100%        7
 Ozocubu's Refrigeration  Ice            0%         4d7       100%        7
 Ignition                 Fire           0%         3d3       100%        8
 Fire Storm               Conj/Fire      0%         5d1       100%        9
 Polar Vortex             Ice            0%         N/A       100%        9
 Apportation              Tloc           Unusable   N/A       N/A         1
 Summon Small Mammal      Summ           Unusable   N/A       N/A         1
 Call Imp                 Summ           Unusable   N/A       N/A         2
 Jinxbite                 Hex            Unusable   N/A       N/A         2
 Lesser Beckoning         Tloc           Unusable   N/A       N/A         2
 Dazzling Flash           Conj/Hex       Unusable   N/A       N/A         3
 Gell's Gravitas          Tloc           Unusable   N/A       N/A         3
 Inner Flame              Hex/Fire       Unusable   N/A       N/A         3
 Teleport Other           Tloc           Unusable   N/A       N/A         3
 Tukima's Dance           Hex            Unusable   N/A       N/A         3
 Volatile Blastmotes      Fire/Tloc      Unusable   2d10      N/A         3
 Cause Fear               Hex            Unusable   N/A       N/A         4
 Dimensional Bullseye     Hex/Tloc       Unusable   N/A       N/A         4
 Iskenderun's Mystic Bla  Conj/Tloc      Unusable   2d3       N/A         4
 Manifold Assault         Tloc           Unusable   N/A       N/A         4
 Martyr's Knell           Necr/Summ      Unusable   N/A       N/A         4
 Passage of Golubria      Tloc           Unusable   N/A       N/A         4
 Borgnjor's Vile Clutch   Necr/Erth      Unusable   N/A       N/A         5
 Silence                  Hex/Air        Unusable   N/A       N/A         5
 Yara's Violent Unravell  Hex/Alch       Unusable   3d3       N/A         5
 Dispersal                Tloc           Unusable   N/A       N/A         6
 Sculpt Simulacrum        Ice/Alch       Unusable   N/A       N/A         6
 Summon Cactus Giant      Summ           Unusable   N/A       N/A         6
 Summon Hydra             Summ           Unusable   N/A       N/A         7
 Discord                  Hex            Unusable   N/A       N/A         8
 Disjunction              Tloc           Unusable   N/A       N/A         8
 Dragon's Call            Summ           Unusable   N/A       N/A         9

Dungeon Overview and Level Annotations

Branches:
Dungeon (15/15)            Temple (0/1) D:5            Lair (5/5) D:10
  Swamp (4/4) Lair:3        Snake (4/4) Lair:3        Slime (5/5) Lair:4
    Orc (2/2) D:12            Elf (3/3) Orc:2        Vaults (5/5) D:14
  Crypt (3/3) Vaults:3       Tomb (3/3) Crypt:3      Depths (4/4) D:15
   Hell (visited)             Dis (7/7) Hell            Geh (7/7) Hell
    Coc (7/7) Hell            Tar (7/7) Hell            Zot (5/5) Depths:4
  Sewer (visited)         Volcano (visited)          WizLab (visited)
Gauntlet (visited)

Altars:
Cheibriados
Kikubaaqudgha
Ru
Sif Muna
Vehumet
Xom
Zin

Shops:
D:1 [   D:7 !   D:8 (   D:9 :   D:12 (   Orc:2 !***   Snake:1 ****   Snake:4 ?
Vaults:1 *   Vaults:3 (   Vaults:4 [   Vaults:5 [

Portals:
Hell: Depths:1 Depths:2 Depths:3 Depths:4
Abyss: Depths:3
Pandemonium: Depths:2 Depths:3
Ziggurat: Depths:3

Annotations:
D:7 exclusion: statue
Swamp:3 3 runed translucent doors, exclusion: 3 doors, Jout's ghost, adept FeEE
Elf:2 6 runed translucent doors, exclusion: 6 doors
Depths:1 3 runed translucent doors, exclusion: 3 doors, Kobesyp's ghost, veteran DsAl
Dis:7 Dispater; Serpent of
Hell
Tar:7 Ereshkigal


Innate Abilities, Weirdness & Mutations

You are an undying horror.
Your melee and unarmed attacks drain, slow and weaken victims.
You are immune to unholy pain and torment.
You cannot drink.
You are immune to poison.
You are too large for most types of armour.
You have a pair of small horns on your head.
You have tough skin. (AC +1)
You cannot be stealthy.
You are hated by all.
You cannot study or cast Earth magic.
You cannot study or cast Hexes magic.
You cannot study or cast Translocations magic.
Your casting is slightly disrupted.
You are inexperienced. (-2 XL)
You gain doubled healing and magic from potions.
Whenever you drink a healing potion, you attack all around you.
You have sharp fingernails.
You have sharp toenails.
You possess an exceptional clarity of mind.
Your flesh is heat resistant. (rF+)
You occasionally shout uncontrollably at your foes.


Message History

The cacodemon is heavily wounded.
You barely miss the cacodemon. You claw the cacodemon.
The cacodemon is heavily wounded.
You closely miss the cacodemon. You claw the cacodemon.
The cacodemon is severely wounded.
The cacodemon is stunned by your conviction and fails to attack.
You claw the cacodemon!
The cacodemon decays.
You claw the cacodemon, but do no damage.
The cacodemon is severely wounded.
You eviscerate the cacodemon!!!!
You kill the cacodemon!
The Orb Guardian hits you but does no damage.
You eviscerate the Orb Guardian!!!!
You kill the Orb Guardian!
Your Evocations skill increases to level 20!
No target in view!
There is a stone staircase leading up here.
You fly upwards.
There is a stone staircase leading down, spattered with blood here.
An orange demon comes into view.
The orange demon moves out of view.
There is a stone staircase leading up here.
You fly upwards.
There is a stone staircase leading down here.
There is a stone staircase leading up here.
You fly upwards.
Level annotation: exclusion: statue
There is a stone staircase leading down here.
There is a stone staircase leading up here.
You fly upwards.
There is a stone staircase leading down here.
A lorocyproca comes into view.
There is a stone staircase leading up here.
You fly upwards.
There is a stone staircase leading down here.
There is a stone staircase leading up here.
You fly upwards.
There is a stone staircase leading down here. 2 smoke demons and 2 hellwings come into view.
The smoke demon roars! x2; The hellwing gives a chilling moan.
There is a stone staircase leading up here.
The smoke demon hits you. You block the smoke demon's attack. x2
The smoke demon gestures at you. Something smites you!
The hellwing swoops through the air toward you!
You block the hellwing's attack.
The hellwing hits you but does no damage.
You take 16 damage, and have 288/304 hp.
The smoke demon attacks as it pursues you!
You block the smoke demon's attack.
Your shield discharges, shocking the smoke demon!
The smoke demon misses you. You block the smoke demon's attack.
You block the hellwing's attack.
Your shield discharges, shocking the hellwing!
The hellwing completely misses you.
There is a stone staircase leading up here.
You block the hellwing's attack. x2
Your shield discharges, shocking the hellwing!
You fly upwards.
There is a stone staircase leading down here.
You regained 2 hp, and now have 291/304 hp.
You closely miss the hellwing.
You claw the hellwing, but do no damage.
You headbutt the hellwing, but do no damage.
The hellwing is heavily wounded.
The smoke demon hits you but does no damage.
The smoke demon completely misses you. You block the smoke demon's attack.
Your shield discharges, shocking the smoke demon!
You scratch the smoke demon.
The smoke demon decays.
Your kick misses the smoke demon.
You headbutt the smoke demon, but do no damage.
The smoke demon is severely wounded.
The hellwing misses you. The hellwing barely misses you.
You claw the smoke demon!
You kill the smoke demon!
You scratch the hellwing but do no damage.
Your kick misses the hellwing.
You headbutt the hellwing, but do no damage.
The hellwing is heavily wounded.
The hellwing is stunned by your conviction and fails to attack.
You mangle the hellwing!!
You kill the hellwing!
No target in view!
No target in view!
An orange demon comes into view.
You regained 4 hp, and now have 297/304 hp.
As you open the door, it creaks loudly!
There is an open door here.
Health restored: 304
There is a stone staircase leading up here.
You fly upwards.
There is a stone staircase leading down here.
There is an open door here.
You see here a +0 dagger.
There is a stone staircase leading up here.
You fly upwards.
There is a stone staircase leading down here.
There is a large open door here.
There is a staircase leading out of the dungeon here.
You have escaped!

### #.#
########.#########
#................#
#.##############.#
#.#z.~~≈≈~P# #.#
#.###..≈≈≈≈# #.#
#.##P.~~≈~≈# #.#
#.##.~~≈≈~P# #.###
#.##P.~≈≈~~#####.#..
#.###.≈≈≈~P#.....#.#
#.##.~≈≈~PP#.###...#
#.#.≈≈≈≈~~~#........
#.#P.≈≈≈~PP#..##....


There were no monsters in sight!

Vanquished Creatures
  Cerebov (Pan)
  Antaeus (Coc:7)
  Asmodeus (Geh:7)
  the Royal Jelly (Slime:5)
  Gloorx Vloq (Pan)
  Mnoleg (Pan)
  Lom Lobon (Pan)
  Frederick (Crypt:2)
  7 orbs of fire
  10 dread liches
  3 ancient liches
  Mennas (Crypt:3)
  2 juggernauts (Dis:7)
  Xtahua (Depths:3)
  4 royal mummies
  Josephina (Crypt:1)
  4 pandemonium lords (Pan)
  20 shard shrikes
  5 Killer Klowns
  Margery (Vaults:4)
  26 caustic shrikes
  3 curse toes
  11 golden dragons
  Geryon (Hell)
  9 profane servitors
  the Enchantress (Depths:3)
  13 bone dragons
  Jory (Vaults:4)
  14 Tzitzimimeh
  17 iron giants
  3 spectral shard shrikes
  A shard shrike zombie (Tomb:3)
  8 hellephants
  3 electric golems
  17 Brimstone Fiends
  7 doom hounds
  Zenata (Elf:1)
  39 Hell Sentinels
  22 tentacled monstrosities
  23 Ice Fiends
  Jorgrun (Orc:1)
  11 tainted leviathans
  7 liches
  A moon troll (WizLab)
  25 Orb Guardians
  9 titans
  Grunn (Depths:2)
  15 quicksilver dragons
  3 walking frostbound tomes (Pan)
  Asterion (Elf:1)
  3 deep elf master archers (Elf:3)
  20 searing wretches
  2 deep elf blademasters (Elf:3)
  23 acid blobs
  16 ancient champions
  10 sphinxes
  6 death cobs
  25 Executioners
  22 tentacled starspawn
  10 tengu reavers
  13 shadow dragons
  2 thorn hunters (Swamp:4)
  Roxanne (Snake:3)
  24 storm dragons
  Donald (D:14)
  Aizul (Snake:2)
  6 demonspawn warmongers (Pan)
  16 protean progenitors
  A daeva (Abyss:1)
  12 rockslimes
  12 draconian monks
  3 fenstrider witches (Pan)
  9 nagarajas
  4 revenants
  22 fire giants
  8 quicksilver elementals
  26 azure jellies
  32 narguns
  17 frost giants
  5 deep elf sorcerers
  Louise (Swamp:3)
  12 draconian knights
  8 draconian shifters
  7 spectral caustic shrikes
  11 draconian scorchers
  7 iron dragons
  4 ghost moths
  8 shard shrike simulacra
  46 balrugs
  7 draconian stormcallers
  6 deep elf elementalists (Elf:3)
  25 vault wardens
  3 ghouls
  5 curse skulls
  34 cacodemons
  18 draconian annihilators
  9 demonspawn blood saints (Pan)
  16 reapers
  7 demonspawn corrupters (Pan)
  17 ironbound preservers
  An orc warlord (Vaults:2)
  10 quicksilver oozes
  3 spriggan defenders (Depths:3)
  8 ironbound thunderhulks
  7 caustic shrike skeletons
  2 juggernaut skeletons (Pan)
  24 very ugly things
  6 formless jellyfish
  8 green draconians
  4 broodmothers (Pan)
  A minotaur (Gauntlet)
  14 stone giants
  25 elemental wellsprings
  9 putrid mouths
  6 vampire knights
  8 deep elf demonologists
  12 demonspawn black suns (Pan)
  15 red draconians
  8 spark wasps
  A spectral titan (Tar:3)
  16 wendigos
  3 bennus
  4 bunyips
  6 deep elf death magi
  9 purple draconians
  16 war gargoyles
  10 black draconians
  11 yellow draconians
  5 eleionomae
  10 dire elephants
  8 white draconians
  9 deep elf annihilators
  25 blizzard demons
  7 lorocyprocas
  11 iron golems
  8 eidola
  13 fire dragons
  10 ettins
  2 crystal guardians (Elf:1)
  14 green deaths
  15 mummy priests
  A merfolk impaler (Abyss:5)
  2 entropy weavers
  18 yaktaur captains
  9 jiangshi
  A fenstrider witch zombie (Crypt:1)
  A merfolk javelineer (Depths:2)
  16 great orbs of eyes
  8 deep elf high priests
  A shambling mangrove (Swamp:4)
  4 spectral spriggans
  A spriggan zombie (Depths:3)
  10 ice dragons
  4 salamander tyrants
  31 vault guards
  12 hydras
  A ghost crab (Swamp:2)
  7 rakshasas
  A bennu zombie (Crypt:3)
  11 juggernaut simulacra
  2 peacekeepers
  5 jorogumos
  A boulder beetle (shapeshifter) (Vaults:5)
  8 caustic shrike simulacra
  4 hell beasts
  2 ogre magi
  A radroach (Pan)
  5 spriggan air magi
  3 merfolk aquamancers (Pan)
  A quicksilver dragon skeleton (Geh:3)
  A sphinx zombie (Crypt:1)
  11 boulder beetles
  15 alligators
  23 stokers
  12 anacondas
  11 ironbound frosthearts
  3 spriggan skeletons
  A fenstrider witch skeleton (Tomb:1)
  12 two-headed ogres
  A death knight (Crypt:1)
  15 dancing weapons
  3 deep troll shamans
  32 death scarabs
  A spectral stone giant (Geh:3)
  7 centaur warriors
  14 thrashing horrors
  39 hell hogs
  A titan zombie (Orc:1)
  A death yak (Lair:4)
  10 tengu warriors
  A two-headed ogre (shapeshifter) (Abyss:5)
  2 catoblepae (Elf:1)
  7 deep troll earth magi
  4 demonic crawlers
  2 occultists (Volcano)
  10 spriggan berserkers
  7 vampire magi
  2 spectral dire elephants
  4 orc high priests
  8 shock serpents
  7 naga sharpshooters
  15 naga warriors
  42 soul eaters
  A spectral storm dragon (Tar:1)
  Sonja (Orc:1)
  10 deep elf knights
  22 spriggans
  19 hell knights
  102 sun demons
  2 fire crabs (Elf:1)
  A spatial maelstrom (Abyss:5)
  A spectral bunyip (Tar:1)
  5 hellephant skeletons (Pan)
  A fire crab (shapeshifter) (D:14)
  15 wretched stars
  11 crystal echidnas
  14 shadow wraiths
  A spectral catoblepas (Tar:1)
  32 sixfirhies
  27 skeletal warriors
  A death drake (Abyss:5)
  10 iron trolls
  A bunyip zombie (Tomb:1)
  2 skysharks (Lair:4)
  The ghost of DeathSocks the Frost Mage, a novice BaIE of Yredelemnul (D:7)
  12 glowing orange brains
  12 mana vipers
  2 salamander mystics
  6 goliath frogs
  A spectral anaconda (Tar:4)
  5 sun moths
  7 spriggan druids
  2 quicksilver dragon simulacra
  6 swamp dragons (Swamp:4)
  2 kraken simulacra (Coc:7)
  41 deep trolls
  8 naga ritualists
  15 flayed ghosts
  A steelbarb worm (shapeshifter) (Vaults:5)
  10 sea snakes
  7 spriggan simulacra
  5 spectral hydras
  4 bog bodies
  An orange crystal statue (WizLab)
  11 deep elf archers
  34 deep elf pyromancers
  17 shadow demons
  11 ironbound convokers
  10 necromancers
  13 orc knights
  10 lindwurms
  A harpy (shapeshifter) (Vaults:5)
  7 arcanists
  13 phantasmal warriors
  3 thermic dynamos
  82 starcursed masses
  2 bunyip skeletons
  2 iron dragon zombies
  Pikel (D:4)
  A wolf spider zombie (Crypt:2)
  20 deep elf zephyrmancers
  11 lightning spires
  4 harpies
  6 orc sorcerers
  A fire giant zombie (Geh:3)
  A faun (shapeshifter) (D:12)
  A sphinx simulacrum (Depths:3)
  A cyclops (shapeshifter) (Vaults:2)
  19 cyclopes
  39 ugly things
  3 oklob plants (Swamp:4)
  3 stone giant zombies (Orc:1)
  A worldbinder (Abyss:3)
  4 shining eyes
  5 will-o-the-wisps
  A manticore (D:14)
  A frost giant skeleton (Depths:3)
  50 large abominations
  10 salamanders
  14 centaur zombies
  5 toenail golems (Volcano)
  2 spectral ettins (Tar:3)
  29 moths of wrath
  4 rust devils
  4 Executioner simulacra (Pan)
  15 eyes of devastation
  9 elephants
  An iron dragon skeleton (Crypt:1)
  2 titan simulacra (Coc:7)
  13 guardian serpents
  4 meliai (Zot:3)
  Joseph (D:7)
  A dire elephant zombie (Crypt:3)
  22 naga magi
  42 black mambas
  2 molten gargoyles (Elf:1)
  4 apocalypse crabs
  A gargoyle (D:7)
  A centaur skeleton (Hell)
  8 ice statues
  59 smoke demons
  3 torpor snails
  11 cane toads
  2 dire elephant skeletons
  A storm dragon simulacrum (Coc:1)
  21 vault sentinels
  27 hellions
  An unseen horror (D:11)
  40 orange demons
  8 swamp worm zombies (Crypt:3)
  11 komodo dragons
  9 rime drakes
  A komodo dragon (shapeshifter) (Vaults:5)
  44 yaktaurs
  A yellow draconian zombie (Crypt:2)
  A kobold demonologist (D:11)
  14 ice devils
  19 freezing wraiths
  18 tormentors
  4 bunyip simulacra
  48 guardian mummies
  7 efreet (Pan)
  5 ancient zymes
  3 iron giant simulacra
  3 spectral nagas
  7 anaconda simulacra
  A silent spectre (Tar:7)
  A spectral harpy (Tar:3)
  4 tengu conjurers
  4 hydra zombies
  2 golden dragon simulacra
  7 red devils
  10 trolls
  12 hornets
  11 polar bears
  A troll (shapeshifter) (D:15)
  2 harpy zombies (Geh:3)
  10 tyrant leeches
  22 hellwings
  A harpy skeleton (Crypt:2)
  6 saltlings (Orc:2)
  11 blink frogs
  34 raiju
  2 hydra skeletons
  A death drake skeleton (Crypt:3)
  A boulder beetle zombie (Crypt:3)
  An ettin zombie (Hell)
  A wolf spider simulacrum (D:14)
  3 snapping turtles (Pan)
  16 dream sheep
  3 stone giant simulacra
  9 glass eyes
  A meliai zombie (D:13)
  A fire dragon skeleton (Geh:3)
  An iron dragon simulacrum (Depths:3)
  91 slime creatures
  A culicivora (Vaults:2)
  3 centaur simulacra
  A spriggan (shapeshifter) (D:11)
  18 water elementals
  2 air elementals
  7 small abominations
  10 wyverns
  10 ushabtiu
  A guardian serpent skeleton (Crypt:1)
  8 wraiths
  36 ynoxinuls
  A vampire (D:11)
  6 shadows
  7 dire elephant simulacra
  A fire elemental (Elf:1)
  A tyrant leech zombie (Crypt:1)
  A fire bat (Abyss:1)
  An ettin skeleton (Crypt:2)
  27 golden eyes
  5 humans (Volcano)
  A yak (shapeshifter) (Abyss:1)
  47 yaks
  An alligator snapping turtle simulacrum (Coc:1)
  7 wargs
  20 vampire mosquitoes
  29 neqoxecs
  18 chaos spawn
  A golden eye (shapeshifter) (Elf:3)
  9 basilisks
  A steam dragon (Lair:5)
  A spatial vortex (Abyss:5)
  13 harpy simulacra
  17 swamp worms
  A glowing shapeshifter zombie (Depths:3)
  A cane toad zombie (Crypt:2)
  18 water moccasins
  2 acid dragons
  44 nagas
  Duvessa (D:4)
  3 hydra simulacra
  A naga skeleton (Tomb:1)
  A glowing shapeshifter skeleton (Crypt:1)
  4 hell hounds
  9 swamp drakes
  A meliai simulacrum (D:12)
  39 orc warriors
  A sky beast (D:7)
  31 laughing skulls
  10 black bears
  2 swamp dragon zombies (Swamp:4)
  6 centaurs
  11 boggarts
  A black mamba simulacrum (Coc:2)
  5 ogres
  6 ettin simulacra
  23 wolves
  2 phantoms (D:6)
  2 lemures (D:4)
  5 kobold brigands
  10 weeping skulls
  2 gnoll sergeants
  An earth elemental (Elf:1)
  20 bullfrogs
  7 scorpions
  A deep troll simulacrum (Hell)
  A cyclops zombie (Crypt:2)
  5 naga simulacra
  A wight (D:7)
  5 killer bees
  A water moccasin skeleton (Crypt:2)
  Dowan (D:4)
  A yak skeleton (Crypt:1)
  15 howler monkeys
  10 electric eels
  A lava snake (Elf:1)
  A bombardier beetle (D:5)
  A quasit (Abyss:2)
  A cerulean imp (Pan)
  2 jellies
  5 hounds
  Crazy Yiuf (D:7)
  A gnoll bouda (D:9)
  29 orc priests
  A bullfrog skeleton (Crypt:3)
  3 iguanas
  A sleepcap (D:6)
  A boggart zombie (D:13)
  12 hell rats
  30 orc wizards
  A tengu skeleton (Crypt:3)
  40 mummies
  8 gnolls
  2 swamp drake zombies (Swamp:4)
  5 adders
  10 river rats
  2 swamp drake skeletons
  3 shadow imps
  3 white imps
  A ribbon worm zombie (Crypt:1)
  5 ufetubi
  An iguana skeleton (Crypt:2)
  4 dart slugs
  2 ribbon worms
  111 orcs
  13 ball pythons
  A bat zombie (Crypt:3)
  8 endoplasms
  6 giant cockroaches
  5 goblins
  10 hobgoblins
  4 jackals
  5 quokkas
  5 bats
  6 frilled lizards
  39 kobolds
  30 rats
  A rat zombie (Crypt:3)
  5 aspiring fleshes
  4 creeping infernos
  5 fire vortices
  A lurking horror (Abyss:5)
  12 starspawn tentacles
4562 creatures vanquished.

Vanquished Creatures (others)
  A pandemonium lord (Pan)
  An Orb Guardian (Zot:5)
  A deep elf blademaster (Elf:3)
  A tentacled monstrosity (Depths:3)
  An acid blob (Slime:2)
  2 eldritch tentacles (Pan)
  A rockslime (Slime:5)
  3 fire giants
  A quicksilver elemental (Dis:2)
  A frost giant (Depths:3)
  A ghost moth (Zot:5)
  A shard shrike simulacrum (Coc:6)
  2 deep elf elementalists (Elf:3)
  A balrug (Geh:6)
  A draconian stormcaller (Zot:1)
  A demonspawn blood saint (Pan)
  A spark wasp (Depths:1)
  2 wendigos
  An ettin (Vaults:3)
  A deep elf high priest (Elf:3)
  2 hydras
  A vault guard (Vaults:4)
  4 juggernaut simulacra
  An ironbound frostheart (Vaults:2)
  A two-headed ogre (Orc:2)
  A death scarab (Tomb:2)
  A naga warrior (Snake:3)
  A naga sharpshooter (Snake:3)
  A hell knight (Depths:4)
  A sun demon (Hell)
  2 deep elf knights
  A skyshark (Lair:4)
  A quicksilver dragon simulacrum (Coc:7)
  A kraken simulacrum (Coc:7)
  A flayed ghost (Swamp:4)
  A deep troll (Depths:3)
  A spriggan simulacrum (Coc:4)
  6 deep elf zephyrmancers
  A necromancer (Depths:2)
  An orc sorcerer (Orc:2)
  A moth of wrath (Zot:1)
  2 deep elf pyromancers
  A gargoyle (D:7)
  3 titan simulacra
  A naga mage (Snake:1)
  A smoke demon (Pan)
  A yaktaur (Vaults:3)
  A freezing wraith (Coc:1)
  An iron giant simulacrum (Coc:7)
  A harpy zombie (Hell)
  A hellwing (Pan)
  2 bloated husks
  A slime creature (Slime:3)
  A ynoxinul (Pan)
  A neqoxec (Pan)
  A swamp worm (Swamp:2)
  5 harpy simulacra
  An ice dragon simulacrum (Coc:1)
  3 ettin simulacra
  An orc warrior (Orc:2)
  3 naga simulacra
  A killer bee (D:10)
  A swamp dragon simulacrum (Coc:1)
  2 hell rats (Hell)
  A gnoll (D:9)
  An orc (D:6)
  3 ball lightnings (Pan)
  5 creeping infernos
  20 foxfires
  3 lurking horrors
  2 spectral weapons (Coc:7)
  32 starspawn tentacles
  4 tentacles (Coc:7)
163 creatures vanquished.

Grand Total: 4725 creatures vanquished

Notes
Turn   | Place    | Note
-------+----------+-------------------------------------------
     0 | D:1      | gimp the Oni Shapeshifter began the quest for the Orb.
     0 | D:1      | Reached XP level 1. HP: 19/19 MP: 1/1
   243 | D:1      | Reached XP level 2. HP: 18/28 MP: 2/2
   535 | D:1      | Found Vavoar's Antique Armour Boutique.
   885 | D:2      | Reached XP level 3. HP: 33/36 MP: 3/3
   939 | D:2      | Found a sacrificial altar of Ru.
  1009 | D:2      | Became a worshipper of Ru the Awakened
  1294 | D:2      | You fall into a shaft and drop 2 floors!
  1298 | D:4      | Identified the flux talisman of Plasticity {rF- rCorr Int+6
                  | Dex+2}
  1414 | D:4      | Reached XP level 4. HP: 40/45 MP: 4/4
  1592 | D:3      | Identified the +3 leather armour of the King of Wands
                  | {rElec rN+ Dex+6}
  1961 | D:3      | Gained mutation: You are somewhat inexperienced. (-1 XL)
                  | [Ru sacrifice]
  1961 | D:3      | Reached XP level 3. HP: 37/37 MP: 3/3
  1961 | D:3      | Reached * piety under Ru
  2078 | D:3      | Reached XP level 4. HP: 48/48 MP: 4/4
  3062 | D:4      | Noticed Duvessa
  3062 | D:4      | Noticed Dowan
  3087 | D:4      | Killed Duvessa
  3088 | D:4      | Reached XP level 5. HP: 48/55 MP: 5/5
  3089 | D:4      | Reached skill level 5 in Fighting
  3118 | D:4      | Killed Dowan
  3218 | D:4      | Noticed Pikel
  3248 | D:4      | Killed Pikel
  3249 | D:4      | Reached skill level 5 in Unarmed Combat
  3249 | D:4      | Reached skill level 5 in Shapeshifting
  3249 | D:4      | Reached XP level 6. HP: 68/68 MP: 6/6
  3567 | D:5      | Entered Level 5 of the Dungeon
  3579 | D:5      | Reached XP level 7. HP: 75/76 MP: 7/7
  3667 | D:5      | Found an ancient bone altar of Kikubaaqudgha.
  3837 | D:5      | Found a glowing drain.
  3841 | Sewer    | Entered a sewer
  4050 | Sewer    | Gained mutation: Your casting is slightly disrupted. [Ru
                  | sacrifice]
  4050 | Sewer    | Reached ** piety under Ru
  5152 | D:5      | Found a staircase to the Ecumenical Temple.
  5340 | D:6      | Noticed a two-headed ogre
  5350 | D:6      | Killed a two-headed ogre
  5351 | D:6      | Reached XP level 8. HP: 87/87 MP: 8/8
  5873 | D:6      | Reached skill level 5 in Dodging
  7272 | D:7      | Reached XP level 9. HP: 77/93 MP: 9/9
  7363 | D:7      | Found Ufrucamo's Distillery.
  7371 | D:7      | Found a runed translucent gate.
  7371 | D:7      | Found a runed translucent gate.
  7371 | D:7      | Found a runed translucent gate.
  7372 | D:7      | Gained mutation: You are hated by all. [Ru sacrifice]
  7372 | D:7      | Reached *** piety under Ru
  7374 | D:7      | Bought 2 potions of heal wounds for 140 gold pieces
  7374 | D:7      | Bought a potion of lignification for 42 gold pieces
  7374 | D:7      | Bought a potion of cancellation for 112 gold pieces
  7390 | D:7      | Found a runed translucent door.
  7391 | D:7      | Noticed Crazy Yiuf
  7480 | D:7      | Noticed a boulder beetle
  7480 | D:7      | Noticed DeathSocks's ghost (novice BaIE)
  7481 | D:7      | Noticed a deep elf pyromancer
  7554 | D:7      | Noticed a gargoyle
  7673 | D:7      | Noticed a gargoyle
  7781 | D:7      | Killed a gargoyle
  7793 | D:7      | Killed a gargoyle
  7974 | D:7      | Identified the ring of Nafroc {EV+5 Dex+3}
  8058 | D:7      | Found a radiant altar of Vehumet.
  8161 | D:7      | Killed Crazy Yiuf
  8256 | D:8      | Identified the ring "Weesoyniy" {rC+ Will+ Int+3}
  8270 | D:8      | Noticed Joseph
  8437 | D:7      | Killed Joseph
  9262 | D:8      | Found Hikhaet's Antique Weapon Shop.
  9373 | D:9      | Found Qasit's Book Emporium.
  9476 | D:9      | Found a shimmering altar of Xom.
  9546 | D:9      | Reached XP level 10. HP: 78/102 MP: 10/10
 10116 | D:9      | Reached XP level 11. HP: 84/109 MP: 11/11
 10267 | D:10     | Entered Level 10 of the Dungeon
 10327 | D:10     | Found a staircase to the Lair.
 10341 | D:10     | Gained mutation: You cannot be stealthy. [Ru sacrifice]
 10341 | D:10     | Reached **** piety under Ru
 11708 | D:11     | Found a glowing silver altar of Zin.
 11939 | D:11     | Reached skill level 10 in Shapeshifting
 11978 | D:12     | Identified the +3 rapier of Wealth {pain, Str+2 Dex+3}
 12188 | D:12     | Found a runed translucent door.
 12192 | D:12     | Reached skill level 10 in Unarmed Combat
 12192 | D:12     | Noticed a frost giant
 12234 | D:12     | Found Egoa's Weapon Boutique.
 12617 | D:12     | Found a staircase to the Orcish Mines.
 13033 | Lair:1   | Entered Level 1 of the Lair of Beasts
 13471 | Lair:1   | Identified the +8 dagger of an ossuary {flame, rPois rF-
                  | Str+3 Dex+2}
 14129 | Lair:2   | Reached XP level 12. HP: 116/118 MP: 12/12
 15334 | Lair:3   | Found a staircase to the Swamp.
 15461 | Lair:3   | Gained mutation: You are inexperienced. (-2 XL) [Ru
                  | sacrifice]
 15461 | Lair:3   | Reached XP level 11. HP: 130/130 MP: 11/11
 15461 | Lair:3   | Reached ***** piety under Ru
 15636 | Lair:3   | Identified the +1 helmet "Qytiexel" {rCorr Str+3}
 16018 | Lair:3   | Found a staircase to the Snake Pit.
 16727 | Lair:4   | Found a staircase to the Slime Pits.
 17447 | Lair:4   | Reached XP level 12. HP: 94/118 MP: 12/12
 17937 | Lair:4   | Identified the ring of Ruvelir {rF- Will+ MP+9 Str+5 Dex+2}
 18641 | Lair:5   | Entered Level 5 of the Lair of Beasts
 18758 | Lair:5   | Found a dark tunnel.
 18897 | Volcano  | Entered a volcano
 20193 | Lair:5   | Identified the +5 broad axe of gimp's Peril {antimagic,
                  | Int+2}
 20200 | Lair:5   | Identified the +9 orcbow of Midnight {speed, rC+ Str+4
                  | Int-3 SInv}
 20206 | Lair:5   | Identified a scroll of acquirement
 20207 | Lair:5   | Acquired a manual of Shapeshifting
 20290 | Lair:5   | Reached XP level 13. HP: 43/124 MP: 13/13
 21002 | Lair:5   | Reached skill level 15 in Dodging
 21525 | Orc:1    | Entered Level 1 of the Orcish Mines
 21525 | Orc:1    | Noticed Sonja
 21532 | Orc:1    | Killed Sonja
 22341 | Orc:1    | Noticed Jorgrun
 22353 | Orc:1    | Killed Jorgrun
 22790 | Orc:1    | Reached skill level 15 in Shapeshifting
 23256 | Orc:2    | Entered Level 2 of the Orcish Mines
 23258 | Orc:2    | Found a staircase to the Elven Halls.
 24185 | Orc:2    | Found Kiuph's Assorted Antiques.
 24483 | Orc:2    | Reached XP level 14. HP: 106/115 MP: 5/14
 24947 | Orc:2    | Found Nyicycos's Distillery.
 24958 | Orc:2    | Bought a potion of curing for 48 gold pieces
 24958 | Orc:2    | Bought a potion of curing for 48 gold pieces
 24958 | Orc:2    | Bought a potion of curing for 48 gold pieces
 24973 | Orc:2    | Found Teussuro's General Store.
 25016 | Orc:2    | Found Gauj's General Store.
 25023 | Orc:2    | Bought a scroll of teleportation for 30 gold pieces
 25023 | Orc:2    | Bought a potion of heal wounds for 50 gold pieces
 25023 | Orc:2    | Bought a scroll of blinking for 75 gold pieces
 25023 | Orc:2    | Bought a scroll of teleportation for 30 gold pieces
 25041 | Orc:2    | Bought a scroll of teleportation for 93 gold pieces
 25041 | Orc:2    | Bought a scroll of teleportation for 93 gold pieces
 25253 | D:7      | Bought 2 potions of ambrosia for 224 gold pieces
 25263 | D:7      | Killed DeathSocks's ghost
 25659 | Orc:2    | Bought a scroll of identify for 30 gold pieces
 25665 | Orc:2    | Reached XP level 15. HP: 136/136 MP: 15/15
 25813 | Orc:2    | Bought a scroll of identify for 62 gold pieces
 26546 | D:13     | Reached skill level 15 in Unarmed Combat
 26935 | D:14     | Identified the +3 pair of boots of Sorcery {rPois Str+4
                  | Stlth+}
 27011 | D:14     | Found a gate leading to a gauntlet.
 27022 | Gauntlet | Entered a Gauntlet
 27022 | Gauntlet | Found the +2 Maxwell's thermic engine {flame, freeze, rev}
 27022 | Gauntlet | Found a transporter.
 27022 | Gauntlet | Found a transporter.
 27022 | Gauntlet | Found a transporter.
 27026 | Gauntlet | Found a transporter.
 27040 | Gauntlet | Found a transporter.
 27044 | Gauntlet | Found a transporter.
 27053 | Gauntlet | Found a transporter.
 27059 | Gauntlet | Found a transporter.
 27060 | Gauntlet | Found a transporter.
 27129 | Gauntlet | Gained mutation: You cannot study or cast Earth magic. [Ru
                  | sacrifice]
 27129 | Gauntlet | Gained mutation: You cannot study or cast Hexes magic. [Ru
                  | sacrifice]
 27129 | Gauntlet | Gained mutation: You cannot study or cast Translocations
                  | magic. [Ru sacrifice]
 27129 | Gauntlet | Reached ****** piety under Ru
 27142 | Gauntlet | Found a transporter.
 27146 | Gauntlet | Found a transporter.
 27156 | Gauntlet | Found a transporter.
 27359 | Gauntlet | Identified the +0 scale mail "Viem" {+Inv Regen+ Int+2}
 27618 | D:14     | Found a gate to the Vaults.
 27847 | D:15     | Entered Level 15 of the Dungeon
 28905 | D:15     | Found a staircase to the Depths.
 29116 | Swamp:1  | Entered Level 1 of the Swamp
 29131 | Swamp:1  | Reached XP level 16. HP: 149/149 MP: 16/16
 29449 | Swamp:1  | Noticed a tentacled monstrosity
 29470 | Swamp:1  | Killed a tentacled monstrosity
 29607 | Swamp:1  | Identified the orb "Puac" {light, Str+2 Earth}
 29757 | Swamp:2  | Found a transporter.
 29976 | Swamp:2  | Found a transporter.
 30239 | Swamp:2  | Identified the ring "Eblekkif" {rF+ Dex+3 Stlth+}
 30245 | Swamp:2  | Identified the +1 pair of gloves of Death's Door {*Corrode
                  | rPois Str+5}
 30275 | Swamp:3  | Noticed a tentacled monstrosity
 30281 | Swamp:3  | Killed a tentacled monstrosity
 30293 | Swamp:3  | Noticed Jout's ghost (adept FeEE)
 30294 | Swamp:3  | Noticed a tentacled monstrosity
 30298 | Swamp:3  | Found a runed translucent gate.
 30298 | Swamp:3  | Found a runed translucent gate.
 30298 | Swamp:3  | Found a runed translucent gate.
 30307 | Swamp:3  | Noticed Louise
 30316 | Swamp:3  | Killed Louise
 30871 | Swamp:4  | Entered Level 4 of the Swamp
 30915 | Swamp:4  | Reached skill level 10 in Fighting
 32057 | Swamp:4  | Got a decaying rune of Zot
 32183 | Snake:1  | Entered Level 1 of the Snake Pit
 32336 | Snake:1  | Reached XP level 17. HP: 172/172 MP: 17/17
 32374 | Snake:1  | You are sucked into a shaft and drop 1 floor!
 32729 | Snake:1  | Found Jeedes's General Store.
 33034 | Snake:1  | Found Aheikopti's Assorted Antiques.
 33034 | Snake:1  | Found Joyseuq's General Store.
 33037 | Snake:1  | Found Iropuyfi's General Store.
 33039 | Snake:1  | Bought a scroll of fog for 68 gold pieces
 33051 | Snake:1  | Bought a potion of haste for 190 gold pieces
 33051 | Snake:1  | Bought a potion of might for 76 gold pieces
 33051 | Snake:1  | Bought a potion of might for 76 gold pieces
 33281 | Snake:1  | Found a snail-covered altar of Cheibriados.
 33729 | Snake:2  | Identified the serpent talisman of Fungaot {Str+5}
 33729 | Snake:2  | Noticed Aizul
 33742 | Snake:2  | Killed Aizul
 34583 | Snake:3  | Noticed Roxanne
 34650 | Snake:3  | Killed Roxanne
 35477 | Snake:4  | Entered Level 4 of the Snake Pit
 36260 | Snake:4  | Found Duqeih's Magic Scroll Shop.
 36263 | Snake:4  | Bought a scroll of teleportation for 60 gold pieces
 36263 | Snake:4  | Bought a scroll of blinking for 150 gold pieces
 36263 | Snake:4  | Bought a scroll of revelation for 150 gold pieces
 36531 | Snake:4  | Reached XP level 18. HP: 192/192 MP: 18/18
 36618 | Snake:4  | Reached skill level 15 in Fighting
 36835 | Snake:4  | Got a serpentine rune of Zot
 37533 | Vaults:1 | Entered Level 1 of the Vaults
 37537 | Vaults:1 | Noticed Donald
 37547 | D:14     | Killed Donald
 37568 | D:14     | Reached skill level 1 in Evocations
 37947 | Vaults:1 | Identified the ring "Iroyh" {*Corrode ^Drain Int+5 Dex+6
                  | SInv}
 38174 | Vaults:1 | Identified the +0 plate armour of the Stars {rN+ Regen+
                  | Stlth+}
 38212 | Vaults:1 | Found Vytid's Assorted Antiques.
 38218 | Vaults:1 | Bought a condenser vane for 1360 gold pieces
 39072 | Vaults:2 | Found a flickering gateway to a bazaar.
 39088 | Bazaar   | Entered a bazaar
 39102 | Bazaar   | Found Siadok's Distillery.
 39102 | Bazaar   | Found Zejox's Jewellery Shoppe.
 39124 | Bazaar   | Found Guchipri's Weapon Emporium.
 39124 | Bazaar   | Found Cakef's General Store.
 39146 | Bazaar   | Found Foklut's Distillery.
 39162 | Bazaar   | Found Lausabb's General Store.
 39215 | Bazaar   | Bought a potion of heal wounds for 50 gold pieces
 39215 | Bazaar   | Bought a potion of heal wounds for 50 gold pieces
 39215 | Bazaar   | Bought a potion of heal wounds for 50 gold pieces
 39633 | Vaults:2 | Reached XP level 19. HP: 201/201 MP: 19/19
 39637 | Vaults:2 | Reached skill level 5 in Evocations
 39783 | Vaults:2 | Acquired 1034 gold pieces
 40386 | Vaults:3 | Found Urochon's Weapon Shop.
 40929 | Vaults:3 | Found a staircase to the Crypt.
 40930 | Vaults:3 | Found an ancient bone altar of Kikubaaqudgha.
 41637 | Vaults:4 | Found Icsimel's Antique Armour Boutique.
 41931 | Vaults:4 | Noticed Jory
 41947 | Vaults:4 | Killed Jory
 42160 | Vaults:4 | Noticed Margery
 42165 | Vaults:4 | Killed Margery
 42342 | Vaults:4 | Reached XP level 20. HP: 224/224 MP: 20/20
 42429 | Vaults:4 | Found the +18 shield of the Gong {Loud rN+ Will+ rCorr
                  | EV-5}
 42907 | Elf:1    | Entered Level 1 of the Elven Halls
 42942 | Elf:1    | Noticed Asterion
 42948 | Elf:1    | Killed Asterion
 43053 | Elf:1    | Got the Compendium of the Squall
 43174 | Elf:1    | Noticed a caustic shrike
 43193 | Elf:1    | Killed a caustic shrike
 44048 | Elf:1    | Got the Incunabulum of Lava
 44108 | Elf:2    | Found a shimmering blue altar of Sif Muna.
 44270 | Elf:2    | Found a runed translucent gate.
 44276 | Elf:2    | Found a runed translucent gate.
 44277 | Elf:2    | Found a runed translucent gate.
 44329 | Elf:2    | Noticed Zenata
 44411 | Elf:1    | Killed Zenata
 44552 | Elf:2    | Acquired 1014 gold pieces
 44638 | Elf:2    | Found a runed translucent gate.
 44638 | Elf:2    | Found a runed translucent gate.
 44642 | Elf:2    | Found a runed translucent gate.
 44813 | Elf:3    | Entered Level 3 of the Elven Halls
 44825 | Elf:2    | Paralysed by an air elemental for 1 turns
 44990 | Elf:3    | Paralysed by an air elemental for 1 turns
 45617 | Elf:3    | Identified the ring of Quapof Edi {*Slow Fly rCorr MP+9
                  | Int+8}
 45627 | Elf:3    | Reached skill level 10 in Evocations
 45640 | Elf:3    | Identified the +6 long sword "Wihif" {speed, ^Fragile Str-4
                  | Int+7 SInv}
 45686 | Elf:3    | Reached XP level 21. HP: 241/241 MP: 21/21
 45687 | Elf:3    | Identified the +6 hand axe of Watchfulness {holy, Str+3}
 45691 | Elf:3    | Identified the +6 rapier "Ygucs" {spect, Dex+6 Stlth-}
 46525 | Depths:1 | Entered Level 1 of the Depths
 46995 | Depths:1 | Found a runed translucent gate.
 47001 | Depths:1 | Found a runed translucent gate.
 47002 | Depths:1 | Found a runed translucent gate.
 47005 | Depths:1 | Noticed Kobesyp's ghost (veteran DsAl)
 47007 | Depths:1 | Found the +9 sword of Power {lifebolt}
 47091 | Depths:1 | Found a gateway to Hell.
 47938 | Depths:2 | Noticed Grunn
 47949 | Depths:2 | Killed Grunn
 48086 | Depths:2 | Found a one-way gate leading to the halls of Pandemonium.
 48298 | Depths:2 | Found a magical portal.
 48307 | WizLab   | Entered Lehudib's Moon Base
 49001 | WizLab   | Found a transporter.
 49418 | WizLab   | Found a transporter.
 50009 | WizLab   | Gained mutation: Your body sometimes deteriorates upon
                  | taking damage. [a cacodemon]
 50085 | WizLab   | Identified the staff "Haistofi" {rF++ Str-2 Stlth+ Conj
                  | Ice}
 50086 | WizLab   | Identified the ring "Loinal" {rPois rC+ Int+6}
 50176 | Depths:2 | Reached XP level 22. HP: 242/252 MP: 22/22
 50200 | Depths:2 | Identified the +0 pair of gloves "Ecsy" {rC+ rN+}
 51480 | Depths:3 | Noticed the Enchantress
 51487 | Depths:3 | Killed the Enchantress
 51654 | Depths:3 | Identified the +8 great sword "Ohiyran" {antimagic,
                  | ^Fragile rElec rC+}
 52441 | Depths:3 | Found a one-way gateway to a ziggurat.
 52597 | Depths:3 | Found a one-way gate to the infinite horrors of the Abyss.
 52631 | Depths:3 | Noticed Xtahua
 52644 | Depths:3 | Killed Xtahua
 53165 | Depths:4 | Entered Level 4 of the Depths
 54056 | Depths:4 | Reached XP level 23. HP: 261/261 MP: 23/23
 54288 | Depths:4 | Found a gate to the Realm of Zot.
 54933 | Slime:1  | Entered Level 1 of the Pits of Slime
 55602 | Slime:5  | Entered Level 5 of the Pits of Slime
 56409 | Slime:5  | Found the +5 Storm Queen's Shield {shock, Fly rElec}
 56448 | Slime:5  | Noticed the Royal Jelly
 56465 | Slime:5  | Killed the Royal Jelly
 56589 | Slime:5  | Got a slimy rune of Zot
 56590 | Slime:5  | Identified the ring "Waehitt" {+Blink rF- Str+7 Dex+6}
 56626 | Slime:5  | Got Sif Muna's Meditations on Isometric Trauma
 57010 | Crypt:1  | Entered Level 1 of the Crypt
 57015 | Crypt:1  | Identified the ring "Ritef" {Ice rPois rN++ Str-2 Stlth+}
 57015 | Crypt:1  | Noticed Josephina
 57023 | Crypt:1  | Killed Josephina
 58271 | Crypt:2  | Identified the orb of Untruth {light, Regen+ Stlth+}
 58271 | Crypt:2  | Noticed Frederick
 58591 | Crypt:2  | Reached XP level 24. HP: 162/261 MP: 22/23
 59161 | Crypt:2  | Identified the +4 ring mail "Rirhopn" {Str+3 Int+2}
 59209 | Crypt:2  | Killed Frederick
 59393 | Crypt:3  | Entered Level 3 of the Crypt
 60053 | Crypt:3  | Found a staircase to the Tomb.
 60147 | Crypt:3  | Identified the +1 tower shield of Inquiry {Dex+2 Slay+2}
 60147 | Crypt:3  | Noticed Mennas
 60478 | Crypt:3  | Found an ancient bone altar of Kikubaaqudgha.
 60764 | Crypt:3  | Identified the +1 robe "Vigud" {rCorr Str-2 Dex+3}
 60774 | Crypt:3  | Noticed a royal mummy
 60780 | Crypt:3  | Identified the staff of the Teaching Whale {rC+ rN+ Will+
                  | Stlth+ Ice}
 60788 | Crypt:3  | Killed a royal mummy
 61513 | Crypt:3  | Killed Mennas
 61738 | Crypt:3  | Identified the staff "Goblinbane" {rF+ rN+ Necro}
 62643 | Vaults:5 | Entered Level 5 of the Vaults
 62675 | Vaults:4 | Reached skill level 1 in Shields
 64010 | Vaults:5 | Reached skill level 5 in Shields
 64296 | Vaults:5 | Reached XP level 25. HP: 247/289 MP: 23/23
 64728 | Vaults:5 | Got a silver rune of Zot
 65065 | Vaults:5 | Identified the staff "Dragon's Tongue" {rPois Dex+3 Stlth+
                  | Alchemy}
 65348 | Vaults:5 | Identified the +4 ring mail of Valiance {Regen+}
 65503 | Vaults:5 | Found Toul Tel's Armour Shoppe.
 65510 | Vaults:5 | Bought a scarf of resistance for 416 gold pieces
 65934 | Zot:1    | Entered Level 1 of the Realm of Zot
 66418 | Zot:1    | Identified the +5 plate armour of the King of the Hill
                  | {Regen+ Dex+4 Stlth-}
 66870 | Zot:1    | Identified the ring of Fuadur {Fly rC+ rN++}
 67295 | Zot:1    | Noticed a dread lich
 67306 | Zot:1    | Killed a dread lich
 67321 | Zot:1    | Noticed a dread lich
 67343 | Zot:1    | Killed a dread lich
 67344 | Zot:1    | Identified the +1 dire flail "Byid" {spect, rC+}
 68044 | Zot:1    | Lost mutation: Your body sometimes deteriorates upon taking
                  | damage. [potion of mutation]
 68044 | Zot:1    | Gained mutation: You have sharp toenails. [potion of
                  | mutation]
 68044 | Zot:1    | Gained mutation: You have hidden genetic potential. [potion
                  | of mutation]
 68144 | Zot:2    | Reached skill level 10 in Shields
 68737 | Zot:2    | Found a shimmering blue altar of Sif Muna.
 70296 | Zot:3    | Noticed an orb of fire
 70319 | Zot:3    | Gained mutation: You occasionally lose the ability to read
                  | scrolls when taking damage. [an orb of fire]
 70327 | Zot:3    | Killed an orb of fire
 71793 | Zot:4    | Noticed an orb of fire
 71793 | Zot:4    | Gained mutation: You are weak. (Str -2) [an orb of fire]
 71800 | Zot:4    | Killed an orb of fire
 72293 | Zot:4    | Identified the +8 plate armour of Viusotz {rF- Dex+5}
 72346 | Zot:5    | Entered Level 5 of the Realm of Zot
 72393 | Zot:4    | Reached skill level 27 in Fighting
 72564 | Hell     | Entered the Vestibule of Hell
 72564 | Hell     | Noticed Geryon
 72577 | Hell     | Reached skill level 1 in Armour
 72584 | Hell     | Killed Geryon
 72758 | Depths:4 | Lost mutation: You occasionally lose the ability to read
                  | scrolls when taking damage. [potion of mutation]
 72758 | Depths:4 | Lost mutation: You have hidden genetic potential. [potion
                  | of mutation]
 72758 | Depths:4 | Lost mutation: You are weak. (Str -2) [potion of mutation]
 72758 | Depths:4 | Gained mutation: You occasionally shout uncontrollably at
                  | your foes. [potion of mutation]
 72758 | Depths:4 | Gained mutation: Your flesh is heat resistant. (rF+)
                  | [potion of mutation]
 72758 | Depths:4 | Gained mutation: You possess an exceptional clarity of
                  | mind. [potion of mutation]
 72758 | Depths:4 | Gained mutation: You have sharp fingernails. [potion of
                  | mutation]
 74210 | Hell     | Found a gateway to the decaying netherworld of Tartarus.
 74321 | Hell     | Found a gateway to the freezing wastes of Cocytus.
 74354 | Hell     | Found a gateway to the Iron City of Dis.
 74399 | Hell     | Found a gateway to the ashen valley of Gehenna.
 74580 | Pan      | Entered Pandemonium
 74581 | Pan      | Noticed Tucan the pandemonium lord
 74598 | Pan      | Reached skill level 5 in Armour
 74603 | Pan      | Killed Tucan the pandemonium lord
 75025 | Pan      | Reached skill level 15 in Shields
 76231 | Pan      | Found a huge runed translucent gate.
 76529 | Pan      | Found a huge runed translucent gate.
 76530 | Pan      | Found a huge runed translucent gate.
 76530 | Pan      | Found a huge runed translucent gate.
 76530 | Pan      | Found a huge runed translucent gate.
 76530 | Pan      | Found a huge runed translucent gate.
 76530 | Pan      | Found a huge runed translucent gate.
 76535 | Pan      | Noticed Eri Womymm the pandemonium lord
 76566 | Pan      | Killed Eri Womymm the pandemonium lord
 77018 | Pan      | Noticed Fuhacuri the pandemonium lord
 77041 | Pan      | Killed Fuhacuri the pandemonium lord
 77669 | Pan      | Entered the realm of Mnoleg.
 78018 | Pan      | Noticed Mnoleg
 78114 | Pan      | Killed Mnoleg
 78390 | Pan      | Got a glowing rune of Zot
 79781 | Pan      | Noticed Cosuzuiw the pandemonium lord
 79815 | Pan      | Killed Cosuzuiw the pandemonium lord
 80438 | Pan      | Identified the +2 robe of Compassion {Harm rPois Will+}
 80669 | Pan      | Got a demonic rune of Zot
 81327 | Pan      | Found a transporter.
 81597 | Pan      | Reached skill level 27 in Dodging
 81724 | Pan      | Found a transporter.
 82103 | Pan      | Identified the ring "Mucw" {^Contam Will+ rCorr Str+6
                  | Int-5}
 82111 | Pan      | Identified the amulet of Juziy {Acrobat rElec MP+9 Str+3}
 82498 | Pan      | Noticed Ubef the pandemonium lord
 82542 | Pan      | Killed Ubef the pandemonium lord
 82856 | Pan      | Entered the realm of Cerebov.
 83112 | Pan      | Found the +6 sword of Cerebov {flame}
 83112 | Pan      | Noticed Cerebov
 83259 | Pan      | Found an exit through the horrors of the Abyss.
 83441 | Pan      | Reached skill level 10 in Armour
 83467 | Pan      | Identified the amulet of Life {Spirit *Slow rF+ rC+ Regen+}
 83642 | Pan      | Killed Cerebov
 83814 | Pan      | Identified the +7 lajatang "Ricvoh" {flame, rCorr Str+5}
 83878 | Pan      | Got a fiery rune of Zot
 83899 | Pan      | Got the Incunabulum of Hyperthermia
 83922 | Pan      | Identified the +4 triple sword of the Morning {speed, rCorr
                  | Stlth+}
 83923 | Pan      | Identified the staff of Kelom {rElec rC- Will+ rCorr Hexes
                  | Air}
 84002 | Pan      | Identified the amulet of Turhaesi {Spirit Regen+ SInv}
 84005 | Pan      | Identified the +0 leather armour of Puxigoock {rF+ Str+2}
 84060 | Pan      | Entered the realm of Gloorx Vloq.
 84061 | Pan      | Noticed Gloorx Vloq
 84819 | Pan      | Killed Gloorx Vloq
 85150 | Pan      | Got a dark rune of Zot
 86373 | Pan      | Entered the realm of Lom Lobon.
 86998 | Pan      | Noticed Lom Lobon
 87014 | Pan      | Killed Lom Lobon
 87041 | Pan      | Got a magical rune of Zot
 87551 | Pan      | Found an exit through the horrors of the Abyss.
 87561 | Pan      | Took an exit into the Abyss.
 87561 | Abyss:1  | Escaped into the Abyss
 87561 | Abyss:1  | Found a corrupted altar of Lugonu.
 87623 | Abyss:1  | Found a corrupted altar of Lugonu.
 87675 | Abyss:1  | Found a corrupted altar of Lugonu.
 87852 | Abyss:1  | Found a corrupted altar of Lugonu.
 87885 | Abyss:1  | Found a corrupted altar of Lugonu.
 88346 | Abyss:2  | Found a corrupted altar of Lugonu.
 88733 | Abyss:3  | Paralysed by accursed screaming for 1 turns
 89214 | Abyss:4  | Reached skill level 15 in Armour
 89385 | Abyss:5  | Found a corrupted altar of Lugonu.
 89457 | Abyss:5  | Found a corrupted altar of Lugonu.
 89491 | Abyss:5  | Got an abyssal rune of Zot
 89804 | Abyss:5  | Paralysed by accursed screaming for 1 turns
 89852 | Abyss:6  | HP: 13/275 [disintegration (30)]
 89859 | Abyss:7  | Entered Level 7 of the Abyss
 89859 | Abyss:7  | Found a corrupted altar of Lugonu.
 89877 | Depths:2 | Escaped the Abyss
 90210 | Dis:1    | Entered Level 1 of the Iron City of Dis
 92696 | Dis:5    | You are sucked into a shaft and drop 1 floor!
 92715 | Dis:6    | Reached skill level 27 in Unarmed Combat
 93852 | Dis:7    | Entered Level 7 of the Iron City of Dis
 94953 | Dis:7    | Noticed the Serpent of Hell
 95218 | Dis:7    | Noticed a juggernaut
 95229 | Dis:7    | Killed a juggernaut
 95428 | Dis:7    | Identified the ring "Taotiek" {rPois rN+ Will- MP+9 Str+6
                  | SInv}
 95444 | Dis:7    | Got the Incunabulum of the Viridian Volcano
 95447 | Dis:7    | Identified the +10 mace of Poimonuh {flame, Str+3 SInv}
 96658 | Dis:7    | Noticed a juggernaut
 96666 | Dis:7    | Killed a juggernaut
 96666 | Dis:7    | Noticed Dispater
 96690 | Dis:7    | Found the +3 pair of gauntlets of War {Slay+5}
 96698 | Dis:7    | Got an iron rune of Zot
 96851 | Tar:1    | Entered Level 1 of Tartarus
 97244 | Tar:3    | You are sucked into a shaft and drop 1 floor!
 97915 | Tar:6    | Noticed a dread lich
 97923 | Tar:6    | Killed a dread lich
 97937 | Tar:7    | Entered Level 7 of Tartarus
 97974 | Tar:7    | Noticed an ancient lich
 97985 | Tar:7    | Killed an ancient lich
 98011 | Tar:7    | Noticed a dread lich
 98042 | Tar:7    | Killed a dread lich
 98269 | Tar:7    | Noticed a dread lich
 98278 | Tar:7    | Killed a dread lich
 98383 | Tar:7    | Noticed Ereshkigal
 98416 | Tar:7    | Got a bone rune of Zot
 98578 | Geh:1    | Entered Level 1 of Gehenna
 98787 | Geh:1    | You are sucked into a shaft and drop 1 floor!
 99169 | Geh:3    | Noticed a dread lich
 99180 | Geh:3    | Killed a dread lich
100617 | Geh:7    | Entered Level 7 of Gehenna
101924 | Geh:7    | Found the +13 sceptre of Asmodeus
101924 | Geh:7    | Noticed Asmodeus
101948 | Geh:7    | Killed Asmodeus
101991 | Geh:7    | Got an obsidian rune of Zot
102283 | Coc:1    | Entered Level 1 of Cocytus
102448 | Coc:2    | Paralysed by a wendigo for 1 turns
102477 | Coc:2    | Reached skill level 15 in Evocations
103784 | Coc:4    | Paralysed by a wendigo for 1 turns
103804 | Coc:4    | Paralysed by a wendigo for 1 turns
104145 | Coc:5    | Noticed a dread lich
104414 | Coc:5    | Killed a dread lich
105129 | Coc:7    | Entered Level 7 of Cocytus
106202 | Coc:7    | Paralysed by a wendigo for 1 turns
106356 | Coc:7    | Identified the storm talisman of the Butterfly {rF+++
                  | Will++ Str-2 Dex-3}
106390 | Coc:7    | Identified the +3 quarterstaff "Nyet Vib" {flame, rC+
                  | Int+2}
106607 | Coc:7    | Paralysed by a wendigo for 1 turns
106623 | Coc:7    | Identified the +7 lajatang of the Scroll {spect, Int+7}
106623 | Coc:7    | Noticed Antaeus
107181 | Coc:7    | Killed Antaeus
107331 | Coc:7    | Identified the +6 sling of Defiance {flame, Dex+3 Stlth+}
107337 | Coc:7    | Got an icy rune of Zot
107340 | Coc:7    | Identified the +0 pair of gloves of the Jackalope {SInv}
107344 | Coc:7    | Identified the +6 lajatang of Gallantry {drain, Str+4}
107733 | Tomb:1   | Entered Level 1 of the Tomb of the Ancients
107931 | Tomb:1   | Noticed a royal mummy
107949 | Tomb:1   | Killed a royal mummy
107950 | Tomb:1   | Noticed a royal mummy
108000 | Tomb:1   | Killed a royal mummy
108009 | Tomb:1   | Noticed a royal mummy
108407 | Tomb:1   | Killed a royal mummy
109084 | Tomb:2   | Reached skill level 27 in Shapeshifting
109208 | Tomb:3   | Entered Level 3 of the Tomb of the Ancients
109231 | Tomb:3   | Noticed a royal mummy
109237 | Tomb:3   | Noticed a royal mummy
109237 | Tomb:3   | Noticed a royal mummy
109242 | Tomb:3   | Noticed a royal mummy
109245 | Tomb:3   | Noticed a royal mummy
109251 | Tomb:3   | Got a golden rune of Zot
109266 | Tomb:3   | Found the amulet of the Air {Inacc Air Fly rElec RMsl}
110309 | Zot:5    | Noticed a dread lich
110337 | Zot:5    | Killed a dread lich
110426 | Zot:5    | Noticed an orb of fire
110580 | Zot:5    | Noticed an orb of fire
110587 | Zot:5    | Killed an orb of fire
110633 | Zot:5    | Noticed an orb of fire
110638 | Zot:5    | Noticed a dread lich
110639 | Zot:5    | Noticed an ancient lich
110660 | Zot:5    | Noticed an ancient lich
110662 | Zot:5    | Killed an orb of fire
110668 | Zot:5    | Noticed a dread lich
110672 | Zot:5    | Noticed an orb of fire
110675 | Zot:5    | Killed an orb of fire
110677 | Zot:5    | Noticed an orb of fire
110680 | Zot:5    | Killed an ancient lich
110685 | Zot:5    | Killed an ancient lich
110691 | Zot:5    | Killed an orb of fire
110713 | Zot:5    | Killed an orb of fire
110717 | Zot:5    | Killed a dread lich
110719 | Zot:5    | Killed a dread lich
111051 | Zot:5    | Reached skill level 27 in Armour
111297 | Zot:5    | Got the Orb of Zot
111630 | Depths:1 | Noticed a seraph
112027 | D:$      | Escaped with the Orb!

Illustrated notes

Levels and vault maps discovered:
D:1:      lightli_arrival_windingriver, layout_basic, serial_shops,
          nicolae_shop_behind_doors, dk_noncrumbling_4
D:2:      layout_basic, basic_altar
D:3:      layout_loops_corners, hangedman_decor_push, minmay_fractal_squares_5
D:4:      layout_loops_ring, uniq_pikel, uniq_duvessa
D:5:      layout_basic, mainiacjoe_overflow_24_doors,
          minmay_temple_entry_nine_rooms, gup_sewer_entry_spiral
D:6:      minmay_cornered_nines, layout_basic,
          hangedman_abyss_or_decor_jellyfish_corner, kennysheep_small_square
D:7:      minmay_clustersquares, layout_cave_pools, vehumet_statue,
          serial_shops, shop, gammafunk_ghost_split, uniq_crazy_yiuf_cottage
D:8:      layout_layer_cave, serial_shops, nicolae_shop_peninsula, uniq_joseph
D:9:      layout_roguey, lemuel_crystal_altar, serial_shops, shop, dk_vineyard_2
D:10:     layout_roguey, david_lair_generic
D:11:     layout_basic, zin_treasury
D:12:     layout_rooms, david_orc_4, serial_shops, nicolae_diamond_shop,
          minivault_13
D:13:     layout_cave_pools, special_room [special_room_orc],
          nicolae_yredelemnul_corpse_copse
D:14:     layout_irregular_city, hellmonk_vaults_attempted_burglary,
          gauntlet_entry_generic, ebering_dispersal_statue_hall
D:15:     grunt_enter_depths_snipers, layout_basic, fedhas_altar_1
Lair:1:   hellmonk_ruined_rings, layout_regular_city, lemuel_old_faithful
Lair:2:   layout_long_grid, serial_bayou_crossing
Lair:3:   layout_hall_layers, skrybe_swamp_entry_bodies,
          nicolae_snake_entry_squirm, lemuel_fruit_tree, grunt_megastairs_2,
          infiniplex_staircase_pool
Lair:4:   nzn_winding_woodlands_huge [nzn_winding_woodlands_5x15_longhouse,
          nzn_winding_woodlands_5x15_twine, nzn_winding_woodlands_5x15_default,
          nzn_winding_woodlands_5x15_eye, nzn_winding_woodlands_5x15_concentric,
          nzn_winding_woodlands_5x15_pathside_ponds,
          nzn_winding_woodlands_5x15_default,
          nzn_winding_woodlands_5x15_sidewinder,
          nzn_winding_woodlands_5x15_zeroes, nzn_winding_woodlands_5x15_default,
          nzn_winding_woodlands_center_triple_pond,
          nzn_winding_woodlands_center_diamonds,
          nzn_winding_woodlands_15x15_thick_spiral], layout_regular_city,
          slime_entry_1
Lair:5:   minmay_lair_end_enchanted_forest, layout_cave_shapes, enter_volcano_4,
          nicolae_quartered_pool_super, nicolae_lair_lakeside_cave
Swamp:1:  cheibrodos_swamp_monstrosity, layout_basic_swamp, serial_swamp_ruin,
          evilmike_swamp_ruin_house_1, hangedman_swamp_ruin_hall
Swamp:2:  gammafunk_worm_tunnel, layout_basic_swamp, evilmike_swamp_ruin_house_5
Swamp:3:  layout_falls_marsh, gammafunk_ghost_split, nicolae_swamp_bean_lake,
          swamp_pool_1_2, nicolae_swamp_snake_nest, uniq_louise
Swamp:4:  byrel_swamp_growth_death_and_undeath, layout_basic_swamp,
          swamp_pool_1_2
Snake:1:  layout_onion, basic_altar, nicolae_snake_single_loop,
          serial_bayou_lagoon_b, minmay_shoptagon
Snake:2:  layout_onion, uniq_aizul
Snake:3:  layout_cave_pods, nicolae_integral_box, uniq_roxanne
Snake:4:  grunt_snake_rune_pools, layout_layer_cave, serial_shops,
          nicolae_shop_rolled_up, grunt_ministairs_14
Slime:1:  layout_caves
Slime:2:  layout_caves, special_room [special_room_jelly]
Slime:3:  layout_caves, cheibrodos_slime_lost_civilization_4
Slime:4:  layout_caves, nicolae_slime_welcoming_committee
Slime:5:  slime_pit
Orc:1:    giant_chief_lemuel, layout_caves, uniq_sonja, uniq_jorgrun
Orc:2:    hellmonk_orc_salted, layout_caves, minmay_orc_keep
Elf:1:    layout_gridlike, serial_magic_research,
          hangedman_research_electronics, hangedman_research_probablistics,
          hangedman_research_pyrotechnics, hangedman_research_geology,
          minmay_elf_demonology, uniq_asterion
Elf:2:    elven_hall_of_blades_hangedman_original [nicolae_blade_little_rooms],
          layout_geoelf_diagonals, basic_altar,
          nicolae_gammafunk_elf_defective_weapons_storage, uniq_zenata
Elf:3:    grunt_elf_hall_asides, layout_loops_cross, nicolae_elf_martial_mastery
Vaults:1: nicolae_vaults_surprise_closet_hard, v_misc_29,
          nicolae_vaults_back_hallway, vaults_room_stairs_pillars,
          ontoclasm_vaults_claustrophobia, nicolae_vaults_diamond_2,
          nicolae_vaults_network_quinsquares
          [nicolae_vaults_network_quincunx_subvault,
          nicolae_vaults_network_quincunx_subvault,
          nicolae_vaults_network_quincunx_subvault,
          nicolae_vaults_network_quincunx_subvault],
          nicolae_vaults_more_shelving_2, nicolae_vaults_closet_pinwheel_4,
          nicolae_vaults_trapezoid_lopsided_2, vaults_room_door_ring,
          layout_vaults_omnigrid, serial_shops, nicolae_shop_rolling_square,
          uniq_donald
Vaults:2: hangedman_vaults_slither, nicolae_vaults_turnstiles,
          nicolae_vaults_closet_pinwheel_1, nicolae_vaults_shrinking_rooms_2,
          nicolae_vaults_sightless_eye, vaults_room_door_hall, st_hourglassy,
          ontoclasm_vaults_idyll, nicolae_vaults_offset_grid_hallway_3,
          vaults_room_pool, v_misc_17, layout_vaults_maze, serial_shops,
          bzr_entry_islet
Vaults:3: vaults_room_large_hall, nicolae_vaults_spaceships,
          serial_library_regret_index_small_wings, vaults_room_glass_cross,
          minmay_crypt_entry_necro_gods, nicolae_vaults_tangram_2,
          nicolae_vaults_taking_the_gang_shopping, vaults_dpeg_encased_lava,
          vaults_room_large_hall, nicolae_vaults_closet_pinwheel_4, v_misc_5,
          nicolae_vaults_shelves_hall, grunt_vaults_hallway_long,
          nicolae_vaults_weapon_check, layout_vaults_omnicross
Vaults:4: vaults_standard_mumra_lines, nicolae_vaults_shelves_hall,
          nicolae_vaults_hexular_roomagon, vaults_room_mumra_shop_pool,
          nicolae_vaults_closet_pinwheel_5, nicolae_vaults_hallways_thing,
          hellmonk_guarded_unrand_gong, nicolae_vaults_trapezoid_2,
          nicolae_vaults_trapezoid_1, ontoclasm_vaults_hangar,
          ontoclasm_vaults_decontamination, ontoclasm_vaults_misaligned,
          nicolae_vaults_storage_closets_2, vaults_dpeg_ring,
          layout_vaults_omnibox, uniq_margery, uniq_jory
Vaults:5
Crypt:1:  layout_catacombs, basic_altar, lemuel_upstairs_altar, uniq_josephina
Crypt:2:  layout_gridlike, small_statue_intersection, uniq_frederick
Crypt:3:  church_of_pain_bobbens, layout_chaotic_city,
          tomb_entry_simple_bobbens, lemuel_dead_fish_pool, corner_web_ring,
          uniq_mennas
Tomb:1
Tomb:2
Tomb:3
Depths:1: layout_small_grid, hangedman_decor_cross_pass, gammafunk_ghost_ooze,
          hell_entry, nzn_hepliaklqana_mist_gate
Depths:2: kennysheep_four_of_diamonds, layout_cave_pools, mu_enter_wizlab_3,
          pf_hell_entry_tar_river, rand_demon_pan_entry_5,
          infiniplex_staircase_pool_2, uniq_grunn
Depths:3: minmay_textured_paths, layout_honeycomb, enter_ziggurat_b,
          abyss_entry_small_statue_room, grunt_mini_vestibule,
          rand_demon_pan_entry_7, infiniplex_staircase_zigzag_1, uniq_xtahua,
          uniq_enchantress
Depths:4: evilmike_zot_entry_diamond, layout_honeycomb, nicolae_water_bricks,
          pf_coc_iceberg
Hell
Dis:1:    layout_subdivisions, nicolae_dis_grated_feature
Dis:2:    layout_subdivisions, nicolae_dis_emergency_hatch
Dis:3:    layout_gridville, nicolae_hells_hurtin_island
Dis:4:    layout_subdivisions, nicolae_dis_spooky_hallway
Dis:5:    layout_gridville, nicolae_hells_seeping_fissure
Dis:6:    layout_subdivisions
Dis:7:    dis_st
Geh:1:    layout_gehenna_pools_triple
Geh:2:    layout_gehenna_lava_caves
Geh:3:    layout_gehenna_lava_caves, special_room [special_room_morgue]
Geh:4:    layout_gehenna_lava_caves
Geh:5:    layout_gehenna_lava_caves
Geh:6:    layout_gehenna_pools_box, nicolae_hells_seeping_fissure
Geh:7:    evilmike_geh
Coc:1:    layout_cocytus_water_paths, serial_ice, serial_ice_a
Coc:2:    layout_cocytus_water_paths
Coc:3:    layout_cocytus_water_paths
Coc:4:    layout_ice_bergs
Coc:5:    layout_cocytus_delve
Coc:6:    layout_ice_bergs
Coc:7:    coc_hangedman
Tar:1:    layout_grid_maze
Tar:2:    layout_cathedral_of_symmetry
Tar:3:    layout_honeycomb
Tar:4:    layout_grid_maze
Tar:5:    layout_catacombs, nicolae_tar_cuneiform_heaven, nicolae_tar_combstack
Tar:6:    layout_honeycomb
Tar:7:    tar_old
Zot:1:    regret_index_infernal_bastille, layout_concentric_octagons,
          grunt_megastairs_3
Zot:2:    layout_concentric_octagons, regret_index_zotdec_magical_s
Zot:3:    grunt_zot_stairs_mandelzot, layout_cathedral_of_symmetry,
          regret_index_zotdec_glowing_original, lemuel_elevator
Zot:4:    layout_misc_corridors, regret_index_zotdec_banners
Zot:5:    layout_basic

Skill      XL: |  1  2  3  4  5  6  7  8  9 10 11 12 13 14 15 16 17 18 19 20 21 22 23 24 25 |
---------------+----------------------------------------------------------------------------+-----
Fighting       | 2 3 4 6 7 11 14 17 19 21 23 27 | 27.0
Unarmed Combat | 3 4 5 6 7 9 12 13 14 15 16 18 20 27 | 27.0
Shapeshifting  | 4 5 6 7 9 12 13 15 17 18 20 22 23 27 | 27.0
Dodging        | 4 5 7 11 13 14 15 16 17 18 19 20 21 22 23 24 25 27 | 27.0
Evocations     | 4 8 10 20 | 20.0
Shields        | 5 18 | 18.0
Armour         | 27 | 27.0

Action                     |  1- 3 |  4- 6 |  7- 9 | 10-12 | 13-15 | 16-18 | 19-21 | 22-24 | 25-27 || total
---------------------------+-------+-------+-------+-------+-------+-------+-------+-------+-------++-------
  Melee: Unarmed           |   103 |   131 |   506 |  1067 |   778 |  1050 |  1157 |  1194 |  6568 || 12554
         Headbutt          |    19 |    11 |    96 |    81 |    67 |    78 |   213 |     8 |  1862 ||  2435
         Punch             |     3 |     2 |    14 |     2 |    86 |   119 |   160 |   156 |   149 ||   691
         Constrict         |       |       |       |   150 |    33 |       |       |       |       ||   183
         Tailslap          |       |       |       |       |    47 |   102 |    64 |    70 |       ||   283
         Bite              |       |       |       |       |    32 |    96 |    51 |    56 |       ||   235
         Kick              |       |       |       |       |       |       |       |       |  2885 ||  2885
  Throw: Dart              |       |       |       |       |       |       |       |       |     1 ||     1
 Invoke: Sacrifice Experie |     1 |       |       |     1 |       |       |       |       |       ||     2
         Sacrifice Essence |       |       |     1 |       |       |       |       |       |       ||     1
         Draw Out Power    |       |       |     2 |     2 |     2 |     1 |     3 |       |    18 ||    28
         Sacrifice Love    |       |       |     1 |       |       |       |       |       |       ||     1
         Reject Sacrifices |       |       |       |     3 |     1 |       |       |       |       ||     4
         Sacrifice Stealth |       |       |       |     1 |       |       |       |       |       ||     1
         Apocalypse        |       |       |       |       |     6 |     4 |     7 |     6 |    13 ||    36
         Power Leap        |       |       |       |       |     3 |     2 |     2 |       |     8 ||    15
         Sacrifice Arcana  |       |       |       |       |     1 |       |       |       |       ||     1
Ability: Breathe Fire      |       |       |       |       |     6 |    10 |       |       |       ||    16
         Blinkbolt         |       |       |       |       |       |       |       |    18 |    22 ||    40
         Siphon Essence    |       |       |       |       |       |       |       |       |    13 ||    13
  Evoke: Wand              |       |     5 |     1 |     1 |    14 |     2 |     6 |    10 |    55 ||    94
         Phial of floods   |       |       |       |       |       |     1 |     1 |       |       ||     2
         Lightning rod     |       |       |       |       |       |       |     6 |       |     4 ||    10
         Condenser vane    |       |       |       |       |       |       |     1 |       |     7 ||     8
    Use: Potion            |       |     2 |     1 |     1 |     1 |       |     8 |     2 |    19 ||    34
         Scroll            |       |       |    13 |    13 |     7 |     3 |     9 |     6 |    36 ||    87
   Stab: Paralysed         |       |     3 |    12 |    14 |    30 |    13 |    11 |    14 |    39 ||   136
         Distracted        |       |       |     3 |     9 |     3 |     1 |     3 |     4 |    26 ||    49
         Invisible         |       |       |     2 |     5 |     6 |    10 |    20 |     5 |    50 ||    98
         Petrifying        |       |       |       |     1 |       |       |       |       |       ||     1
         Confused          |       |       |       |       |       |       |     2 |       |       ||     2
 Armour: Animal skin       |    50 |    41 |   179 |     2 |       |       |       |       |       ||   272
         Skin              |       |    33 |    51 |   356 |   206 |   678 |   891 |   455 |   271 ||  2941
         Robe              |       |       |       |    22 |    83 |       |       |       |       ||   105
         Acid dragon scale |       |       |       |       |       |       |       |    20 |  1627 ||  1647
  Dodge: Dodged            |    46 |    49 |   249 |   786 |   480 |   828 |   805 |   917 |  2626 ||  6786
  Block: Kite shield       |       |       |       |       |       |       |       |    24 |  3159 ||  3183
   Form: Flux              |       |       |     1 |       |       |       |       |       |       ||     1
         Serpent           |       |       |       |     2 |       |       |       |       |       ||     2
         Blade             |       |       |       |     1 |     1 |       |       |       |       ||     2
         Dragon            |       |       |       |       |     1 |       |     2 |       |       ||     3
         Statue            |       |       |       |       |       |     1 |       |       |       ||     1
         Storm             |       |       |       |       |       |       |     1 |     2 |     5 ||     8
                           |       |       |       |       |       |       |     1 |       |     9 ||    10
         Death             |       |       |       |       |       |       |       |     1 |    14 ||    15

Table legend: (Time is in decaauts)
 A = Elapsed time spent in this place.
 B = Non-inter-level travel time spent in this place.
 C = Inter-level travel time spent in this place.
 D = Time resting spent in this place.
 E = Time spent auto-exploring this place.
 F = Levels seen in this place.
 G = Mean time per level.
                   A        B        C        D        E       F      G
               +--------+--------+--------+--------+--------+-----+--------+
         Total | 112193 | 104248 |   7945 |   7296 |  71806 | 118 |  950.8 |
       Dungeon |  17481 |  14983 |   2498 |    305 |  11724 |  15 | 1165.4 |
          Lair |   7983 |   7296 |    687 |    128 |   5944 |   5 | 1596.6 |
         Swamp |   2901 |   2752 |    149 |     55 |   1961 |   4 |  725.2 |
     Snake Pit |   4911 |   4627 |    284 |    157 |   3557 |   4 | 1227.8 |
    Slime Pits |   1715 |   1601 |    114 |    560 |    403 |   5 |  343.0 |
  Orcish Mines |   3921 |   3516 |    405 |     15 |   2781 |   2 | 1960.5 |
   Elven Halls |   4999 |   4704 |    295 |    561 |   2848 |   3 | 1666.3 |
        Vaults |  10462 |   9653 |    809 |    533 |   6981 |   5 | 2092.4 |
         Crypt |   5648 |   5100 |    548 |    277 |   3976 |   3 | 1882.7 |
          Tomb |   1578 |   1411 |    167 |    249 |    592 |   3 |  526.0 |
        Depths |   7965 |   7245 |    720 |    879 |   5068 |   4 | 1991.2 |
          Hell |    929 |    747 |    182 |    168 |    401 |   1 |  929.0 |
           Dis |   6149 |   6014 |    135 |   1739 |   3019 |   7 |  878.4 |
       Gehenna |   3350 |   3216 |    134 |     10 |   2383 |   7 |  478.6 |
       Cocytus |   4780 |   4656 |    124 |    346 |   2937 |   7 |  682.9 |
      Tartarus |   1441 |   1396 |     45 |      0 |    882 |   7 |  205.9 |
           Zot |   8003 |   7360 |    643 |    477 |   5306 |   5 | 1600.6 |
         Abyss |   2040 |   2040 |      0 |      3 |   1044 |   7 |  291.4 |
   Pandemonium |  12182 |  12182 |      0 |    802 |   7427 |  19 |  641.2 |
        Bazaar |    233 |    233 |      0 |      0 |    141 |   1 |  233.0 |
         Sewer |    660 |    660 |      0 |      0 |    421 |   1 |  660.0 |
       Volcano |    757 |    757 |      0 |      7 |    565 |   1 |  757.0 |
        Wizlab |   1766 |   1766 |      0 |     16 |   1427 |   1 | 1766.0 |
      Gauntlet |    330 |    330 |      0 |      4 |     16 |   1 |  330.0 |
               +--------+--------+--------+--------+--------+-----+--------+

Top non-repeatable levels by time:
Vaults:4: 3256 daAuts
 Crypt:3: 3090 daAuts
Depths:4: 2833 daAuts
   Dis:7: 2692 daAuts
  Lair:4: 2394 daAuts
   Zot:1: 2176 daAuts
Vaults:1: 2171 daAuts
   Orc:2: 2161 daAuts
   Elf:3: 2135 daAuts
   Coc:7: 2095 daAuts
Depths:3: 1975 daAuts
Vaults:3: 1971 daAuts
  Lair:5: 1882 daAuts
   Zot:3: 1865 daAuts
 Crypt:1: 1856 daAuts
